Map: 幽暗之塔

Players

Fist

  • Race: Zerg Zerg

Rex - Winner!

  • Race: Zerg Zerg
  • League: Grandmaster

Event: 2016 WCS Winter Challenger Taiwan

VOD

Have the link to the VOD?

Description

Time

  • Played on: Jan. 9, 2016, 7:50 a.m.
  • Length: 5:54

All games in this series

Show
View Real Time Build Order
Export as new Build Order

Fist Zerg 

Build Orders: Hatch First 

Get SALT Encoding   

  12  0:00  Drone  
  13  0:12  Overlord  
  13  0:17  Drone  
  14  0:30  Drone x2  
  17  0:35  Drone  
  17  0:53  Hatchery  
  17  0:55  Drone  
  17  1:07  Extractor  
  17  1:10  Spawning Pool  
  15  1:12  Drone  
  15  1:15  Drone  
  17  1:19  Drone  
  18  1:31  Drone  
  19  1:41  Overlord  
  19  1:52  Drone  
  20  1:57  Queen  
  20  2:00  Zergling x2  
  23  2:04  Queen  
  23  2:06  Zergling x2  
  23  2:08  Metabolic Boost  
  26  2:12  Drone  
  27  2:16  Drone  
  27  2:22  Drone  
  29  2:27  Drone  
  30  2:33  Drone  
  31  2:37  Overlord  
  31  2:45  Zergling x2  
  31  2:50  Spine Crawler  
  30  2:52  Spine Crawler  
  30  2:58  Zergling x4  
  30  3:07  Zergling x8  
  30  3:09  Queen  
  28  3:22  Zergling x2  
  28  3:23  Zergling x4  
  26  3:35  Zergling x4  
  28  3:44  Zergling x2  
  28  3:45  Zergling x2  
  30  3:57  Zergling x4  
  30  3:59  Queen  
  30  4:00  Queen  
  27  4:34  Zergling x16  
  34  4:43  Zergling x2  
  27  4:50  Queen  
  26  5:01  Zergling x6  
  27  5:11  Zergling x4  
  27  5:23  Zergling x4  
Show
View Real Time Build Order
Export as new Build Order

Rex Zerg - Winner!

Build Orders: Pool Only, Zergling Baneling 

Get SALT Encoding   

  12  0:02  Drone  
  13  0:09  Extractor  
  12  0:25  Spawning Pool  
  11  0:29  Drone  
  11  0:34  Drone  
  13  0:40  Drone  
  14  0:52  Overlord  
  14  1:12  Metabolic Boost, Zergling x4  
  14  1:15  Zergling x2  
  17  1:32  Baneling Nest, Zergling x2  
  17  1:35  Zergling x2  
  18  1:47  Queen  
  18  1:52  Zergling x2  
  22  2:01  Zergling x2  
  22  2:09  Overlord  
  22  2:15  Baneling x3  
  22  2:24  Baneling  
  22  2:27  Zergling x4  
  24  2:38  Zergling x2  
  25  2:52  Zergling x2  
  25  2:56  Zergling x2  
  26  3:05  Zergling x6  
  26  3:17  Zergling x2  
  26  3:18  Baneling x2  
  25  3:28  Zergling x2  
  25  3:30  Baneling  
  25  3:31  Baneling  
  26  3:37  Baneling  
  26  3:38  Zergling x2  
  27  3:47  Zergling x2  
  27  3:48  Zergling x4  
  30  3:54  Baneling  
  30  3:55  Baneling  
  30  3:59  Overlord  
  27  4:24  Zergling x6  
  27  4:25  Zergling x2  
  27  4:29  Zergling x2  
  29  4:38  Zergling x2  
  30  4:45  Zergling x4  
  30  4:51  Zergling x4  
  32  5:02  Baneling x7  
  32  5:04  Zergling x2  
  33  5:10  Zergling x2  
  33  5:11  Zergling x2  
  31  5:14  Zergling x2  
  31  5:17  Zergling x2  
  33  5:22  Zergling x2  
Tags
 
Add a new tag
Caveats
  • Supply blocks, unpowered buildings, or Contaminate may cause inaccurate times.
  • Supply counts are checked every 10 seconds.